 Dungeon Crawl Stone Soup version 0.21.1-1-g345015f (webtiles) character file.

11 Wendigo the Vexing (level 2, 18/23 HPs)
             Began as a Gnoll Arcane Marksman on July 14, 2018.
             Quit the game on level 1 of the Dungeon.
             The game lasted 00:01:22 (136 turns).

Wendigo the Vexing (Gnoll Arcane Marksman)           Turns: 136, Time: 00:01:23

Health: 18/23      AC:  2    Str: 12    XL:     2   Next: 29%
Magic:  5/5        EV: 14    Int: 15    God:
Gold:   15         SH:  0    Dex: 15    Spells: 5/6 levels left

rFire    . . .     SeeInvis .   a - +0 shortbow
rCold    . . .     Gourm    .   (shield currently unavailable)
rNeg     . . .     Faith    .   e - +0 robe
rPois    .         Spirit   .   (no helmet)
rElec    .         Reflect  .   (no cloak)
rCorr    .         Harm     .   (no gloves)
MR       .....                  (no boots)
Stlth    ++........             (no amulet)
HPRegen  0.07/turn              (no ring)
MPRegen  0.09/turn              (no ring)

@: no status effects
A: distributed training, fangs 1, strong nose
a: no special abilities


You were on level 1 of the Dungeon.
You were not hungry.

You visited 1 branch of the dungeon, and saw 1 of its levels.

You collected 15 gold pieces.

Inventory:

Hand Weapons
 a - a +0 shortbow (weapon)
Missiles
 d - 15 arrows (quivered)
Armour
 e - a +0 robe (worn)
Scrolls
 g - 2 scrolls of teleportation {unknown}
 i - a scroll of noise {unknown}
 j - 2 scrolls of remove curse {unknown}
Potions
 h - 2 potions of curing {unknown}
Books
 c - a book of Debilitation

   Spells                             Type                      Level
   a - Corona                         Hexes                        1
   b - Slow                           Hexes                        2
   c - Inner Flame                    Hexes/Fire                   3
   d - Portal Projectile              Hexes/Translocation          3
   e - Cause Fear                     Hexes                        4
   f - Leda's Liquefaction            Hexes/Earth                  4
Comestibles
 b - 4 chunks of flesh
 f - 2 rations


   Skills:
 + Level 2.4 Fighting
 + Level 0.3 Short Blades
 + Level 0.3 Long Blades
 + Level 0.3 Axes
 + Level 0.3 Maces & Flails
 + Level 0.3 Polearms
 + Level 0.3 Staves
 + Level 0.3 Slings
 + Level 4.4 Bows
 + Level 0.3 Crossbows
 + Level 0.3 Throwing
 + Level 0.3 Armour
 + Level 4.4 Dodging
 + Level 0.3 Stealth
 + Level 0.3 Shields
 + Level 0.3 Unarmed Combat
 + Level 2.7 Spellcasting
 + Level 0.2 Conjurations
 + Level 5.3 Hexes
 + Level 0.2 Charms
 + Level 0.2 Summonings
 + Level 0.2 Necromancy
 + Level 0.2 Translocations
 + Level 0.2 Transmutations
 + Level 0.2 Fire Magic
 + Level 0.2 Ice Magic
 + Level 0.2 Air Magic
 + Level 0.2 Earth Magic
 + Level 0.2 Poison Magic
 + Level 0.4 Invocations
 + Level 0.3 Evocations


You had 5 spell levels left.
You knew the following spells:

 Your Spells              Type           Power        Failure   Level  Hunger
a - Corona                Hex            ###....      2%          1    #......


Dungeon Overview and Level Annotations

Branches:
Dungeon (1/15)

Altars:


Innate Abilities, Weirdness & Mutations

Your experience applies equally to all skills.
You have very sharp teeth.
Your uncanny sense of smell can sniff out nearby items.


Message History

You shoot an arrow. The arrow hits the dart slug.
The dart slug is lightly wounded.
Firing (i - inventory):
d - 15 arrows (quivered)
Press: ? - help, Shift-Dir - straight line, f/p - dart slug
Aim: a dart slug (lightly wounded, clinging)
You shoot an arrow. The arrow hits the dart slug.
The dart slug is severely wounded.
Firing (i - inventory):
d - 14 arrows (quivered)
Press: ? - help, Shift-Dir - straight line, f/p - dart slug
Aim: a dart slug (severely wounded, clinging)
You shoot an arrow. The arrow hits the dart slug.
You kill the dart slug!
d - 14 arrows (gained 1)
You butcher the leopard gecko corpse.
b - 4 chunks of flesh (gained 2)
d - 15 arrows (gained 1)
j - 2 scrolls labeled YNNUENUKEA
Okay, then.
Okay, then.
Are you sure you want to abandon this character and quit the game? (Confirm with "yes".)

∆ ... ##.# #.....#
#.... ..####.....#
#..#.##.##.......#
#.......#........#
#. #.............#
#. ####.#...##.###
# #(#####.##.###.#
.# #.(.....####
#.# ###.##
##.@...## ####.#
.....# ...##.....#
##.##.# ...#.#
#.........#
#.....# .....#
#.#.##.....#
##.#### ###### #
#.....####.####
#######.......#
#.##.##.# #.##.# #
#### ## #.##..


There were no monsters in sight!

Vanquished Creatures
  A dart slug (D:1)
  A leopard gecko (D:1)
  A goblin (D:1)
  A ball python (D:1)
  A frilled lizard (D:1)
  2 kobolds (D:1)
  3 rats (D:1)
10 creatures vanquished.

Notes
Turn   | Place    | Note
-------+----------+-------------------------------------------
     0 | D:1      | Wendigo the Gnoll Arcane Marksman began the quest for the Orb.
     0 | D:1      | Reached XP level 1. HP: 17/17 MP: 4/4
   116 | D:1      | Reached XP level 2. HP: 23/23 MP: 5/5
   136 | D:1      | Quit the game

Action                   || total
-------------------------++-------
 Fire: Shortbow          ||    13
